 Dungeon Crawl Stone Soup version 0.24-a0-361-g57161393b2 (webtiles) character file.

Game seed: 3371289585524507921

10 Bikalo the Digger (level 2, 0/15 HPs)
             Began as a Gargoyle Earth Elementalist on May 26, 2019.
             Slain by a jackal (1 damage)
             ... on level 3 of the Dungeon.
             The game lasted 00:02:15 (147 turns).

Bikalo the Digger (Gargoyle Earth Elementalist)      Turns: 147, Time: 00:02:16

Health: 0/15       AC:  4    Str: 11    XL:     2   Next: 20%
Magic:  0/5        EV: 12    Int: 15    God:
Gold:   9          SH:  0    Dex: 10    Spells: 4/5 levels left

rFire    . . .     SeeInvis .   (no weapon)
rCold    . . .     Gourm    .   (no shield)
rNeg     + . .     Faith    .   c - +0 robe
rPois    ∞         Spirit   .   (no helmet)
rElec    +         Reflect  .   (no cloak)
rCorr    .         Harm     .   (no gloves)
MR       .....                  (no boots)
Stlth    ++........             (no amulet)
HPRegen  0.05/turn              (no ring)
MPRegen  0.09/turn              (no ring)

@: no status effects
A: negative energy resistance 1, electricity resistance, unbreathing,
petrification resistance, rot immunity, AC +2
a: no special abilities


You were on level 3 of the Dungeon.
You were not hungry.

You visited 1 branch of the dungeon, and saw 3 of its levels.

You collected 9 gold pieces.

Inventory:

Missiles
 b - 20 stones (quivered)
Armour
 c - a +0 robe (worn)
Jewellery
 a - an uncursed ring of resist corrosion {unknown}
Scrolls
 e - a scroll of teleportation {unknown}
Comestibles
 d - a ration


   Skills:
 + Level 1.7 Dodging
 - Level 2.2 Stealth
 + Level 2.2 Spellcasting
   Level 0.7 Transmutations
 + Level 4.0 Earth Magic


You had 4 spell levels left.
You knew the following spells:

 Your Spells              Type           Power        Failure   Level  Hunger
a - Sandblast             Erth           ##....       4%          1    #......

Your spell library contained the following spells:

 Spells                   Type           Power        Failure   Level  Hunger
 Passwall                 Tmut/Erth      #.......     12%         2    ###....
 Stone Arrow              Conj/Erth      #.....       28%         3    ###....
 Petrify                  Tmut/Erth      #.......     63%         4    #####..
 Lee's Rapid Deconstruct  Erth           ##........   75%         5    ######.


Dungeon Overview and Level Annotations

Branches:
Dungeon (3/15)

Altars:


Innate Abilities, Weirdness & Mutations

You are resistant to torment.
Your stone body is resilient. (AC +2)
You are immune to poison.
You resist negative energy. (rN+)
You are resistant to electric shocks. (rElec)
You can survive without breathing.
You are immune to petrification.
You are immune to rotting.


Message History

Aim: a jackal The blast of sand hits the jackal.
The jackal is almost dead.
b - 20 stones The jackal closely misses you.
The jackal bites you but does no damage.
The jackal closely misses you. The jackal misses you. The jackal bites you.
The jackal barely misses you. The jackal closely misses you.
You hit the jackal.
You kill the jackal!
A jackal comes into view.
The jackal closely misses you. The jackal misses you.
The jackal bites you but does no damage.
You closely miss the jackal. The jackal misses you.
The jackal closely misses you. x2; The jackal bites you.
* * * LOW HITPOINT WARNING * * *
The jackal bites you.
* * * LOW HITPOINT WARNING * * *
The jackal bites you.
You die...

##..8...8..##
#...........#
#.....8.....#
#..>.....<..#
#.....8.....#
#...........#
##..8..h8..##
##...hhhh##
#....#@##
#....#h#
#....#h#
#....#.#
####>...
#####


You could see 7 jackals.

Vanquished Creatures
  A bat (D:2)
  A giant cockroach (D:2)
  A goblin (D:2)
  3 jackals
  A kobold (D:2)
  A frilled lizard (D:2)
8 creatures vanquished.

Notes
Turn   | Place    | Note
-------+----------+-------------------------------------------
     0 | D:1      | Bikalo the Gargoyle Earth Elementalist began the quest for
                  | the Orb.
     0 | D:1      | Reached XP level 1. HP: 10/10 MP: 3/3
    31 | D:1      | You fall into a shaft and drop 1 floor!
    68 | D:2      | Noticed an ice beast
    96 | D:2      | Reached XP level 2. HP: 14/15 MP: 5/5
   116 | D:2      | Reached skill level 4 in Earth Magic
   147 | D:3      | Slain by a jackal

Levels and vault maps discovered:
D:1:      kennysheep_arrival_forest, layout_loops_corners,
          hangedman_decor_opposing, minmay_tetromino_l2
D:2:      layout_basic, uniq_sigmund
D:3:      layout_basic, first_ration, grunt_ministairs_10, minivault_27,
          nicolae_dithmenos_shadow_blocks, uniq_terence, uniq_ijyb

Skill      XL: |  1  2 |
---------------+-------+-----
Earth Magic    | 4 |  4.0
Dodging        | |  1.7
Stealth        | |  2.2
Spellcasting   | |  2.2
Transmutations | |  0.7

Action                   || total
-------------------------++-------
Melee: Unarmed           ||    47
 Cast: Sandblast         ||    10
Armor: Robe              ||    18
Dodge: Dodged            ||    61

Table legend:
 A = Non-vault XP
 B = Vault XP
 C = Vault XP percentage of total XP
 D = Non-vault monster count
 E = Vault monster count
 F = Vault count percentage of total count
                 A         B        C        D         E       F
            +---------+---------+-------+---------+---------+-------
      Total |      15 |       0 |   0.0 |       8 |       0 |   0.0
            +---------+---------+-------+---------+---------+-------
        D:2 |      13 |       0 |   0.0 |       7 |       0 |   0.0
        D:3 |       2 |       0 |   0.0 |       1 |       0 |   0.0
            +---------+---------+-------+---------+---------+-------
